 Dungeon Crawl Stone Soup version 0.27.1-2-g3b301248ec (webtiles) character file.

Game seed: 1871148458989042098

13430 Revguard the Party-goer (level 11, -7/83 HPs)
             Began as a Demonspawn Gladiator on Sept 29, 2021.
             Was a Follower of Uskayaw.
             Mangled by a minotaur (19 damage)
             ... in a Gauntlet.
             The game lasted 00:51:28 (17635 turns).

Revguard the Party-goer (Demonspawn Gladiator)     Turns: 17635, Time: 00:51:28

Health: -7/83      AC: 15    Str: 17    XL:     11   Next: 75%
Magic:  19/22      EV: 13    Int: 13    God:    Uskayaw [*.....]
Gold:   449        SH:  0    Dex: 20    Spells: 8/25 levels left

rFire    + . .     SeeInvis +   c - +2 demon blade (venom)
rCold    + + +     Faith    .   (no shield)
rNeg     . . .     Spirit   .   g - +3 scale mail {rC+}
rPois    .         Reflect  .   j - +0 mask of the Dragon {Will+ Slay+3 SInv}
rElec    +         Harm     .   d - scarf {rC+ rF+}
rCorr    +         Rampage  .   (no gloves)
Will     +....     NoTele   +   b - +0 pair of boots "Xoriunin" {Str+3}
Stlth    +.........             q - amulet of the Endless Expanse {RegenMP rElec rC++ Dex+5}
HPRegen  0.23/turn              l - ring of flight
MPRegen  0.43/turn              m - ring "Cuciot" {Wiz rCorr}

@: flying
A: hooves 2, slimy green scales 2, ignite blood 3, wild magic 1
a: Renounce Religion, Stomp


You were in a Gauntlet.
You worshipped Uskayaw.
Uskayaw was aware of your devotion.
You visited 2 branches of the dungeon, and saw 12 of its levels.
You also visited: Gauntlet.

You collected 449 gold pieces.

Inventory:

Hand Weapons
 c - a +2 demon blade of venom (weapon)
 i - a +4 great sword
 u - a +1 dagger of venom
Armour
 b - the +0 pair of boots "Xoriunin" (worn) {Str+3}
   (You found it on level 9 of the Dungeon)

   Str:       It affects your strength (+3).
 d - a scarf of resistance (worn)
 g - a +3 scale mail of cold resistance (worn)
 j - the +0 mask of the Dragon (worn) {Will+ Slay+3 SInv}
   (You found it in a Gauntlet)

   Slay:      It affects your accuracy & damage with ranged weapons and melee
   (+3).
   SInv:      It lets you see invisible.
   Will:      It increases your willpower.
Jewellery
 a - a ring of fire
 f - a ring of ice
 l - a ring of flight (left hand)
 m - the ring "Cuciot" (right hand) {Wiz rCorr}
   (You found it in a Gauntlet)

   [ring of wizardry]

   It improves your spell success rate.
   rCorr:     It protects you from acid and corrosion.
 o - a ring of poison resistance
 q - the amulet of the Endless Expanse (around neck) {RegenMP rElec rC++ Dex+5}
   (You acquired it on level 8 of the Dungeon)

   [amulet of magic regeneration]

   It increases your rate of magic regeneration.
   Dex:       It affects your dexterity (+5).
   rC:        It greatly protects you from cold.
   rElec:     It insulates you from electricity.
 r - a ring of see invisible
Scrolls
 e - a scroll of amnesia
 k - 2 scrolls of identify
 n - 3 scrolls of teleportation
 s - 2 scrolls of magic mapping
Potions
 h - 2 potions of brilliance
 t - a potion of ambrosia


   Skills:
 + Level 6.4 Fighting
 - Level 4.9(5.5) Short Blades
 + Level 3.8(5.0) Long Blades
 - Level 1.7 Throwing
 * Level 6.9 Armour
 + Level 6.3 Dodging
 - Level 2.7 Stealth
 * Level 7.9 Spellcasting
 - Level 0.8 Hexes
 + Level 4.1 Necromancy
 + Level 2.0 Translocations
 - Level 3.8 Transmutations
 - Level 3.9 Ice Magic
 + Level 8.5 Invocations


You had 8 spell levels left.
You knew the following spells:

 Your Spells              Type           Power      Damage    Failure   Level
a - Ensorcelled Hibernat  Hex/Ice        28%        N/A       13%         2
b - Wereblood             Tmut           19%        N/A       8%          2
c - Metabolic Englaciati  Hex/Ice        7%         N/A       87%         5
d - Vampiric Draining     Necr           10%        2d7       12%         3
e - Manifold Assault      Tloc           13%        N/A       89%         5

Your spell library contained the following spells:

 Spells                   Type           Power      Damage    Failure   Level
 Animate Skeleton         Necr           40%        N/A       4%          1
 Pain                     Necr           80%        1d8       4%          1
 Beastly Appendage        Tmut           38%        N/A       5%          1
 Blink                    Tloc           N/A        N/A       14%         2
 Ozocubu's Armour         Ice            19%        N/A       14%         3
 Corona                   Hex            10%        N/A       16%         1
 Passwall                 Tmut/Erth      10%        N/A       16%         2
 Gell's Gravitas          Tloc           6%         N/A       26%         3
 Lesser Beckoning         Tloc           6%         N/A       26%         3
 Teleport Other           Tloc           13%        N/A       26%         3
 Spider Form              Tmut/Pois      6%         N/A       28%         3
 Tukima's Dance           Hex            9%         N/A       38%         3
 Swiftness                Air            6%         N/A       50%         3
 Petrify                  Tmut/Erth      13%        N/A       63%         4
 Simulacrum               Ice/Necr       10%        N/A       99%         6
 Invisibility             Hex            4%         N/A       100%        6
 Statue Form              Tmut/Erth      8%         N/A       100%        6


Dungeon Overview and Level Annotations

Branches:
Dungeon (11/15)            Temple (1/1) D:4            Lair (0/6) D:9
Gauntlet (1/1)
    Orc: D:9-12

Altars:
Ashenzari
Cheibriados
Dithmenos
Elyvilon
Fedhas
Gozag
Hepliaklqana
Kikubaaqudgha
Makhleb
Nemelex Xobeh
Okawaru
Qazlal
Ru
Sif Muna
Trog
Uskayaw
Vehumet
Wu Jian
Xom
Yredelemnul
Zin
The Shining One

Shops:
D:5 *   D:9 *   D:11 =

Annotations:
Gauntlet 10 transporters


Innate Abilities, Weirdness & Mutations

You have hoof-like feet.
You are mostly covered in slimy green scales. (AC +3)
Your demonic aura causes all spilled blood to erupt in flames.
Your spells are a little harder to cast, but a little more powerful.


Message History

Press: ? - help, Shift-Dir - straight line, f - you That would be overly suicidal.
Okay, then.
Casting: Ensorcelled Hibernation (safe; 13% risk of failure)
Confirm with . or Enter, or press ? or * to list all spells.
Aiming: Ensorcelled Hibernation (safe; 13% risk of failure)
Press: ? - help, Shift-Dir - straight line, f - minotaur
Aim: a minotaur, wielding a +1 vampiric glaive, wearing +0 gold dragon scales, wearing a +6 ring of intelligence and quivering silver javelins (not susceptible)
Okay, then.
You hit the minotaur.
The minotaur is lightly wounded.
The minotaur hits you with a +1 vampiric glaive!
The minotaur draws strength from your wounds!
The minotaur closely misses you.
You slice the minotaur!!
The minotaur is moderately wounded.
The minotaur is engulfed in blazing flames.
The minotaur hits you with a +1 vampiric glaive!!
The minotaur gores you but does no damage.
You hit the minotaur but do no damage.
The minotaur is moderately wounded.
The minotaur is engulfed in blazing flames.
The minotaur hits you with a +1 vampiric glaive!!
* * * LOW HITPOINT WARNING * * *
The minotaur draws strength from your wounds!
The minotaur gores you!
* * * LOW HITPOINT WARNING * * *
Okay, then.
Okay, then.
Aiming: Vampiric Draining (dangerous; 12% risk of failure)
Press: ? - help, Q - select action, (/) - cycle Shift-Dir - straight line, f - minotaur
Aim: a minotaur, wielding a +1 vampiric glaive, wearing +0 gold dragon scales, wearing a +6 ring of intelligence and quivering silver javelins (flame, lightly wounded)
Okay, then.
Aiming: Vampiric Draining (dangerous; 12% risk of failure)
Press: ? - help, Q - select action, (/) - cycle Shift-Dir - straight line, f - minotaur
Aim: a minotaur, wielding a +1 vampiric glaive, wearing +0 gold dragon scales, wearing a +6 ring of intelligence and quivering silver javelins (flame, lightly wounded)
You draw life force from the minotaur.
You feel life coursing into your body.
The minotaur is engulfed in blazing flames.
The minotaur hits you with a +1 vampiric glaive!!
You die...

.#..##..#§8≈#
©....#..#§§.########
.#..#####.8........#
####.#©.....###.##.##
..#..####.8........8#
§....#..#...#.#.....#
######..#.8.#.#.########
.......≈#...#...#8.8:8[8
.......∩#.8.###°@H.....∩
.......≈#...#..☼#8.8=8[8
######..#.8.#.#.########
555p.#..#...#.#..
.##..####.8.......
#..#.#©.....###.##.
#..#.####.8...... .#
###^.#..#...##### #
#..#.#..#≈8≈#


You could see a minotaur.

Vanquished Creatures
  5 two-headed ogres
  2 sixfirhies (Gauntlet)
  An obsidian statue (Gauntlet)
  A cyclops (D:11)
  A centaur zombie (D:10)
  A komodo dragon (D:9)
  A polar bear (D:10)
  2 trolls (D:9)
  A hornet (D:9)
  A raiju (Gauntlet)
  A wyvern (D:8)
  10 yaks
  3 steam dragons
  4 vampire mosquitoes (D:10)
  A water moccasin (D:7)
  An acid dragon (D:9)
  Duvessa (D:5)
  6 ice beasts
  2 sky beasts
  2 necrophages
  A wolf (D:10)
  6 centaurs
  4 bullfrogs
  7 kobold brigands
  2 wyvern zombies
  Dowan (D:5)
  8 killer bees
  3 wights (D:6)
  6 electric eels
  A vampire bat (D:3)
  A bullfrog zombie (D:5)
  2 jellies
  4 hounds
  3 orc priests
  A bullfrog skeleton (D:6)
  Terence (D:2)
  3 iguanas
  4 orc wizards
  A centaur simulacrum (D:10)
  A howler monkey zombie (D:10)
  A howler monkey skeleton (D:4)
  4 adders
  3 gnolls (D:5)
  7 white imps
  An ufetubus (D:6)
  6 dart slugs
  3 fire bats (D:3)
  12 orcs
  2 spectral bats (D:3)
  8 ball pythons
  3 bat skeletons (D:3)
  A bat zombie (D:3)
  4 endoplasms
  3 giant cockroaches
  5 hobgoblins
  11 jackals
  2 quokkas
  15 bats
  A bat simulacrum (D:3)
  3 frilled lizards
  6 goblins
  34 kobolds
  9 rats
251 creatures vanquished.

Vanquished Creatures (others)
  A sky beast (D:6)
  A kobold (D:9)
  67 plants
69 creatures vanquished.

Grand Total: 320 creatures vanquished

Notes
Turn   | Place    | Note
-------+----------+-------------------------------------------
     0 | D:1      | Revguard the Demonspawn Gladiator began the quest for the
                  | Orb.
     0 | D:1      | Reached XP level 1. HP: 16/16 MP: 1/1
   290 | D:1      | Gained mutation: Your demonic aura sometimes causes spilled
                  | blood to erupt in flames. [demonic ancestry]
   290 | D:1      | Reached XP level 2. HP: 10/22 MP: 2/2
   683 | D:1      | Learned a level 2 spell: Ensorcelled Hibernation
   980 | D:1      | Reached skill level 1 in Spellcasting
   980 | D:1      | Gained mutation: You are partially covered in slimy green
                  | scales. (AC +2) [demonic ancestry]
   980 | D:1      | Reached XP level 3. HP: 27/27 MP: 4/4
  1214 | D:2      | Found a shimmering blue altar of Sif Muna.
  1550 | D:2      | Reached skill level 1 in Stealth
  1646 | D:2      | Noticed Terence
  1706 | D:2      | Gained mutation: Your spells are a little harder to cast,
                  | but a little more powerful. [potion of mutation]
  1710 | D:2      | Killed Terence
  1711 | D:2      | Reached skill level 1 in Armour
  1711 | D:2      | Gained mutation: You are mostly covered in slimy green
                  | scales. (AC +3) [demonic ancestry]
  1711 | D:2      | Reached XP level 4. HP: 20/33 MP: 6/6
  1732 | D:2      | Learned a level 2 spell: Wereblood
  2925 | D:3      | Reached XP level 5. HP: 39/39 MP: 7/7
  3316 | D:3      | Reached skill level 1 in Ice Magic
  3369 | D:3      | Reached skill level 1 in Transmutations
  3526 | D:3      | Found a faded altar of an unknown god.
  3531 | D:3      | Gained mutation: Your demonic aura often causes spilled
                  | blood to erupt in flames. [demonic ancestry]
  3531 | D:3      | Reached XP level 6. HP: 40/46 MP: 9/9
  3541 | D:3      | Learned a level 5 spell: Metabolic Englaciation
  3706 | D:4      | Found a staircase to the Ecumenical Temple.
  3714 | Temple   | Entered the Ecumenical Temple
  4207 | Temple   | Became a worshipper of Uskayaw the Reveller
  4286 | D:4      | Noticed a two-headed ogre
  4378 | Temple   | Reached * piety under Uskayaw
  4390 | Temple   | Reached ** piety under Uskayaw
  5234 | D:4      | Reached skill level 1 in Invocations
  5240 | D:4      | Reached *** piety under Uskayaw
  5514 | D:4      | Killed a two-headed ogre
  5515 | D:4      | Reached skill level 2 in Invocations
  5515 | D:4      | Gained mutation: You have large cloven feet. [demonic
                  | ancestry]
  5515 | D:4      | Reached XP level 7. HP: 16/52 MP: 10/12
  5515 | D:4      | Reached XP level 8. HP: 18/58 MP: 10/13
  6399 | D:5      | Entered Level 5 of the Dungeon
  6421 | D:5      | Reached skill level 3 in Invocations
  6447 | D:5      | Reached skill level 4 in Invocations
  6706 | D:5      | Noticed Dowan
  6708 | D:5      | Noticed Duvessa
  6728 | D:5      | Killed Duvessa
  6730 | D:5      | Killed Dowan
  6731 | D:5      | Gained mutation: Your demonic aura causes all spilled blood
                  | to erupt in flames. [demonic ancestry]
  6731 | D:5      | Reached XP level 9. HP: 30/65 MP: 14/16
  7141 | D:5      | Reached skill level 5 in Invocations
  7283 | D:5      | Found Weing's Assorted Antiques.
  7850 | D:6      | Reached skill level 5 in Spellcasting
  8115 | D:6      | Reached **** piety under Uskayaw
  8119 | D:6      | Reached ***** piety under Uskayaw
  8133 | D:6      | Reached skill level 6 in Invocations
  8133 | D:6      | Reached ****** piety under Uskayaw
 10702 | D:7      | Reached skill level 5 in Dodging
 10789 | D:7      | Found an opulent altar of Gozag.
 11413 | D:7      | Reached XP level 10. HP: 34/73 MP: 18/18
 11693 | D:7      | Reached skill level 1 in Long Blades
 11869 | D:8      | Identified a scroll of acquirement
 11871 | D:8      | Acquired the amulet of the Endless Expanse {RegenMP rElec
                  | rC++ Dex+5}
 12107 | D:8      | Learned a level 3 spell: Vampiric Draining
 12352 | D:8      | Reached skill level 5 in Fighting
 12430 | D:8      | Reached skill level 1 in Necromancy
 12802 | D:8      | Identified the +4 mace of the Inferno {venom, rPois rF-
                  | rC+}
 12989 | D:9      | Reached skill level 7 in Invocations
 13048 | D:9      | Reached skill level 5 in Armour
 13349 | D:9      | Found Hoech's General Store.
 13429 | D:9      | Identified the +0 pair of boots "Xoriunin" {Str+3}
 13442 | D:9      | Noticed a two-headed ogre
 13449 | D:9      | Killed a two-headed ogre
 14081 | D:9      | Found a staircase to the Lair.
 14243 | D:10     | Entered Level 10 of the Dungeon
 14273 | D:10     | Gained mutation: You have hoof-like feet. [demonic
                  | ancestry]
 14273 | D:10     | Reached XP level 11. HP: 59/81 MP: 18/21
 14315 | D:10     | Noticed a two-headed ogre
 14324 | D:10     | Killed a two-headed ogre
 14396 | D:10     | Learned a level 5 spell: Manifold Assault
 15734 | D:10     | Noticed a two-headed ogre
 15744 | D:10     | Killed a two-headed ogre
 15745 | D:10     | Reached skill level 1 in Translocations
 15745 | D:10     | Reached skill level 8 in Invocations
 16385 | D:11     | Noticed a boulder beetle
 16683 | D:11     | Found Ycujenk's Jewellery Shop.
 16708 | D:11     | Noticed a two-headed ogre
 16714 | D:11     | Killed a two-headed ogre
 16727 | D:11     | Found a gate leading to a gauntlet.
 16735 | Gauntlet | Entered a Gauntlet
 16735 | Gauntlet | Found a transporter.
 16735 | Gauntlet | Found a transporter.
 16741 | Gauntlet | Noticed a necromancer
 16848 | Gauntlet | Found a transporter.
 16848 | Gauntlet | Found a transporter.
 16851 | Gauntlet | Noticed a dire elephant
 16862 | Gauntlet | Found the +0 mask of the Dragon {Will+ Slay+3 SInv}
 16863 | Gauntlet | Found a transporter.
 16873 | Gauntlet | Noticed an obsidian statue
 16874 | Gauntlet | Found a transporter.
 16881 | Gauntlet | Noticed a sixfirhy
 16883 | Gauntlet | Noticed a sixfirhy
 16883 | Gauntlet | Noticed a wizard
 16884 | Gauntlet | Found a transporter.
 16884 | Gauntlet | Found a transporter.
 16888 | Gauntlet | Found a transporter.
 16890 | Gauntlet | Noticed a wizard
 16915 | Gauntlet | Found a transporter.
 16922 | Gauntlet | Found a transporter.
 16940 | Gauntlet | Found a transporter.
 16985 | Gauntlet | Found a transporter.
 16993 | Gauntlet | Noticed a wretched star
 17001 | Gauntlet | Found a transporter.
 17102 | Gauntlet | Found a transporter.
 17104 | Gauntlet | Noticed a reaper
 17116 | Gauntlet | Found a transporter.
 17281 | Gauntlet | Acquired a +2 demon blade of venom
 17361 | Gauntlet | Killed an obsidian statue
 17400 | Gauntlet | Killed a sixfirhy
 17414 | Gauntlet | Killed a sixfirhy
 17417 | Gauntlet | Identified the ring "Cuciot" {Wiz rCorr}
 17626 | Gauntlet | Noticed a minotaur
 17635 | Gauntlet | Mangled by a minotaur

Illustrated notes

Levels and vault maps discovered:
D:1:      dpeg_arrival_simpleton_c, layout_loops_ring
D:2:      cheibrodos_helix_gallery, layout_basic, basic_altar, uniq_terence
D:3:      layout_loops_ring, serial_co_window_serial, co_window_corner_a,
          co_window_paths_a, co_window_paths_a, co_window_corner_a,
          co_window_corner_a, co_window_unsneaky_path_d, co_window_corner_cb,
          co_window_broadway_b, co_window_of_opportunity_b,
          co_window_unsneaky_path_d, glass_columns_b,
          shapermc_ecumenical_altar_notcrosses, goddamned_bats
D:4:      layout_basic, minmay_temple_entry_mini_moons
D:5:      layout_basic, serial_shops, kennysheep_mini_moat, uniq_duvessa
D:6:      layout_basic
D:7:      layout_loops_corners, nicolae_gozag_seed_capital, serial_bayou,
          serial_bayou_lagoon_a, serial_bayou_shore_a, serial_bayou_shore_b,
          serial_bayou_pond_c, hangedman_abyss_or_decor_passed
D:8:      layout_loops_corners
D:9:      layout_basic, david_lair_shrubbed, serial_shops, nicolae_shop_trees
D:10:     layout_loops_ring, serial_ice, serial_ice_c, serial_ice_b,
          serial_ice_o, serial_ice_j, serial_ice_g, serial_ice_a
D:11:     wad_statue_garden, layout_loops_corners, serial_shops, shop,
          gauntlet_entry_generic, nicolae_hepliaklqana_monster_ancestors,
          uniq_nergalle, uniq_sonja
Temple:   compressed_dpeg_triangle_lava_temple
Gauntlet: gammafunk_gauntlet_branching [nicolae_gauntlet_arena_t_cross,
          gammafunk_gauntlet_arena_split_x, gammafunk_gauntlet_arena_corners,
          nicolae_gauntlet_arena_grate_2, gammafunk_gauntlet_arena_grid,
          nicolae_gauntlet_arena_flowing_pool, nicolae_gauntlet_arena_quarters,
          gammafunk_gauntlet_arena_chambers,
          nicolae_gauntlet_exit_dead_adventurers]

Skill      XL: |  1  2  3  4  5  6  7  8  9 10 11 |
---------------+----------------------------------+-----
Spellcasting   | 1 2 3 4 5 7 |  7.9
Short Blades   | 3 4 |  4.9
Stealth        | 1 2 |  2.7
Armour         | 1 2 3 4 5 6 |  6.9
Dodging        | 3 4 5 6 |  6.3
Ice Magic      | 1 2 3 |  3.9
Transmutations | 1 2 3 |  3.8
Invocations    | 2 4 6 7 8 |  8.5
Fighting       | 3 4 5 6 |  6.4
Long Blades    | 2 3 |  3.8
Necromancy     | 2 4 |  4.1
Translocations | 2 |  2.0
Throwing       | |  1.7
Hexes          | |  0.8

Action                   |  1- 3 |  4- 6 |  7- 9 | 10-12 || total
-------------------------+-------+-------+-------+-------++-------
Melee: Rapier            |   142 |   214 |   307 |       ||   663
       Kick              |       |       |   114 |    16 ||   130
       Great sword       |       |       |    39 |   192 ||   231
       Demon blade       |       |       |       |    23 ||    23
Throw: Throwing net      |       |     6 |     2 |     3 ||    11
 Cast: Wereblood         |       |       |     2 |     3 ||     5
       Ensorcelled Hiber |       |       |       |     7 ||     7
       Vampiric Draining |       |       |       |     1 ||     1
Invok: Stomp             |       |       |     2 |    11 ||    13
       Grand Finale      |       |       |       |     1 ||     1
  Use: Scroll            |     3 |     6 |     5 |     9 ||    23
       Potion            |     3 |       |     6 |     9 ||    18
 Stab: Sleeping          |     2 |       |       |     2 ||     4
       Paralysed         |       |     1 |     7 |     7 ||    15
       Held in net/web   |       |     1 |     2 |     1 ||     4
Armor: Leather armour    |    48 |     1 |       |       ||    49
       Scale mail        |       |   159 |   131 |   194 ||   484
Dodge: Dodged            |   107 |   206 |   266 |   245 ||   824
       Rpst.: Great sword |       |       |    11 |    38 ||    49
       Demon blade       |       |       |       |     5 ||     5
